 Dungeon Sprint DCSS version 0.19.4-12-gccf7e64 (webtiles) character file.

1850 equalderp2856 the Ripper (level 8, -1/41 HPs)
             Began as a Felid Fighter on Feb 26, 2017.
             Was the Champion of Vehumet.
             Slain by a tyrant leech (24 damage)
             ... in the Dungeon (Sprint VII: "The Pits").
             The game lasted 00:10:42 (2694 turns).

equalderp2856 the Ripper (Felid Fighter)            Turns: 2694, Time: 00:10:42

Health: -1/41      AC:  2    Str: 13    XL:     8   Next: 88%
Magic:  21/21      EV: 29    Int: 11    God:    Vehumet [******]
Gold:   0          SH:  0    Dex: 17    Spells: 6 memorised, 1 level left
                                        Lives:  0   Deaths: 2

rFire  . . .     SeeInvis +       - Unarmed
rCold  . . .     Gourm    .     (armour unavailable)
rNeg   . . .     Faith    .     (shield unavailable)
rPois  .         Spirit   .     (helmet unavailable)
rElec  .         Reflect  .     (cloak unavailable)
rCorr  .         Harm     .     (gloves unavailable)
MR     +....     NoTele   +     (boots unavailable)
Stlth  ++++++....               (no amulet)
                                (no ring)
                                (no ring)

@: quick
A: no armour, no weapons or thrown items, stealth, claws 1, fangs 3, see
invisible, carnivore 3, speed 1, shaggy fur 2, slow metabolism 1, sharp paws
a: Renounce Religion


You were in the Dungeon.
You worshipped Vehumet.
Vehumet was exalted by your worship.
You were not hungry.

You visited 1 branch

Inventory:

Jewellery
 d - a +3 ring of evasion
 m - a +3 ring of protection
Scrolls
 h - a scroll of blinking
 j - 3 scrolls of remove curse
 k - 5 scrolls of amnesia
 l - a scroll of summoning
Potions
 a - 2 potions of might
 c - 6 potions of curing
 e - a potion of haste
 f - 4 potions of magic
 g - 6 potions of berserk rage
 i - 2 potions of invisibility
 o - a potion of cure mutation
Comestibles
 b - 8 meat rations


   Skills:
 + Level 8.6 Fighting
 + Level 13.4 Dodging
 + Level 12.9 Stealth
 + Level 17.6 Unarmed Combat
 * Level 8.4 Spellcasting


You had one spell level left.
You knew the following spells:

 Your Spells              Type           Power        Failure   Level  Hunger
a - Freeze                Ice            #...         4%          1    None
b - Throw Flame           Conj/Fire      #.....       7%          2    #......
c - Static Discharge      Conj/Air       #.......     14%         3    ##.....
d - Lightning Bolt        Conj/Air       #.........   92%         5    ######.
e - Yara's Violent Unrav  Hex/Tmut       #.........   92%         5    ######.
f - Iron Shot             Conj/Erth      #.........   100%        6    #######


Dungeon Overview and Level Annotations

Branches:
Dungeon (1/1)

Altars:
Ashenzari
Cheibriados
Dithmenos
Elyvilon
Fedhas
Gozag
Hepliaklqana
Kikubaaqudgha
Makhleb
Nemelex Xobeh
Okawaru
Qazlal
Ru
Sif Muna
Trog
Uskayaw
Vehumet
Xom
Yredelemnul
Zin
The Shining One
Beogh
Jiyva
Lugonu


Innate Abilities, Weirdness & Mutations

You cannot wear armour.
You are incapable of wielding weapons or throwing items.
Your paws allow you to move quietly. (Stealth)
You have sharp claws.
You have razor-sharp teeth.
You have supernaturally acute eyesight. (SInv)
You are carnivorous and can eat meat at any time.
You cover ground quickly.
You are covered in thick fur. (AC +2)
You have a slow metabolism.
Your sharp claws are effective at attacking unaware monsters.


Message History

You scratch the hellwing but do no damage.
You bite the hellwing, but do no damage.
The hellwing is severely wounded.
The hellwing completely misses you. The hellwing hits you!
You scratch the hellwing but do no damage.
The hellwing is severely wounded.
The hellwing misses you. The hellwing closely misses you.
The tyrant leech bites you but does no damage.
You claw the hellwing!
You kill the hellwing!
Vehumet accepts your kill. The tyrant leech misses you.
There is a huge open gate to the Grid Vault (Hard) here.
You claw the tyrant leech! You bite the tyrant leech.
The tyrant leech is moderately wounded.
You barely miss the tyrant leech.
The tyrant leech is moderately wounded.
The tyrant leech bites you!!
Ouch! That really hurt!
You die...

# #. #..#+##############
#######..................
_____##..................
_____###########@w#######
####'###########''######
)))#.##.........†......#
)))'.##......#..#......#
####.##................+
......'..†.............+
#'#####......#..#......#
..#..##................#
..#))#####'#####''######


You could see a tyrant leech.

Vanquished Creatures
  Urug (D)
  A shadow wraith (D)
  A swamp dragon (D)
  2 deep elf magi (D)
  A rime drake (D)
  An efreet (D)
  A hellwing (D)
  A freezing wraith (D)
  A polar bear (D)
  A merfolk (D)
  A hornet (D)
  A two-headed ogre (D)
  A redback (D)
  A spriggan (D)
  2 flying skulls (D)
  An air elemental (D)
  A mottled dragon (D)
  A porcupine (D)
  2 floating eyes (D)
  An orc warrior (D)
  An eye of draining (D)
  An ogre (D)
  A bullfrog (D)
  6 killer bees (D)
  An orc priest (D)
  5 orc wizards (D)
  2 gnoll shamans (D)
  An iron imp (D)
  A worker ant (D)
  Ijyb (D)
  Terence (D)
  10 gnolls (D)
  2 river rats (D)
  An adder (D)
  An ufetubus (D)
  An ooze (D)
  An adder zombie (D)
  3 leopard geckos (D)
  2 orcs (D)
  3 goblins (D)
  A hobgoblin (D)
  2 ball pythons (D)
  2 bats (D)
  A rat (D)
74 creatures vanquished.

Notes
Turn   | Place    | Note
-------+----------+-------------------------------------------
     0 | D        | equalderp2856 the Felid Fighter began the quest for the Orb.
     0 | D        | Reached XP level 1. HP: 10/10 MP: 2/2
   172 | D        | Found a radiant altar of Vehumet.
   172 | D        | Found a hide-covered altar of Uskayaw.
   172 | D        | Found an ancient bone altar of Kikubaaqudgha.
   172 | D        | Found a viscous altar of Jiyva.
   172 | D        | Found a hazy altar of Hepliaklqana.
   173 | D        | Found a bloodstained altar of Trog.
   173 | D        | Found a deep blue altar of Sif Muna.
   173 | D        | Found a sacrificial altar of Ru.
   173 | D        | Found a stormy altar of Qazlal.
   173 | D        | Found an iron altar of Okawaru.
   173 | D        | Found a sparkling altar of Nemelex Xobeh.
   173 | D        | Found an opulent altar of Gozag.
   173 | D        | Found a blossoming altar of Fedhas.
   173 | D        | Found a white marble altar of Elyvilon.
   173 | D        | Found a shadowy altar of Dithmenos.
   173 | D        | Found a snail-covered altar of Cheibriados.
   174 | D        | Found a glowing golden altar of the Shining One.
   174 | D        | Found a glowing silver altar of Zin.
   175 | D        | Found a burning altar of Makhleb.
   175 | D        | Found a basalt altar of Yredelemnul.
   175 | D        | Found a roughly hewn altar of Beogh.
   177 | D        | Found a shattered altar of Ashenzari.
   177 | D        | Found a corrupted altar of Lugonu.
   177 | D        | Found a shimmering altar of Xom.
   195 | D        | Became a worshipper of Vehumet
   227 | D        | Noticed a floating eye
   232 | D        | Killed a floating eye
   232 | D        | Reached skill level 8 in Unarmed Combat
   232 | D        | Reached XP level 2. HP: 15/15 MP: 3/3
   232 | D        | Reached XP level 3. HP: 19/19 MP: 4/4
   232 | D        | Reached XP level 4. HP: 22/22 MP: 5/5
   240 | D        | Reached * piety under Vehumet
   240 | D        | Offered knowledge of Sandblast by Vehumet.
   240 | D        | Reached skill level 5 in Fighting
   265 | D        | Reached ** piety under Vehumet
   468 | D        | Offered knowledge of Freeze by Vehumet.
   470 | D        | Reached skill level 1 in Stealth
   470 | D        | Reached skill level 9 in Unarmed Combat
   470 | D        | Reached XP level 5. HP: 22/26 MP: 6/6
   533 | D        | Noticed an orc warrior
   547 | D        | Reached *** piety under Vehumet
   556 | D        | Noticed a flying skull
   557 | D        | Killed an orc warrior
   557 | D        | Reached skill level 10 in Unarmed Combat
   564 | D        | Gained mutation: You are covered in thick fur. (AC +2) [Felid growth]
   564 | D        | Reached XP level 6. HP: 14/31 MP: 7/7
   570 | D        | Reached **** piety under Vehumet
   580 | D        | Killed a flying skull
   580 | D        | Reached skill level 11 in Unarmed Combat
   589 | D        | HP: 1/33 [orc wizard/magic dart (7)]
   595 | D        | Reached ***** piety under Vehumet
   595 | D        | Reached skill level 12 in Unarmed Combat
   595 | D        | Reached XP level 7. HP: 36/36 MP: 8/8
   620 | D        | Learned a level 1 spell: Freeze
   623 | D        | Noticed Terence
   625 | D        | Killed Terence
   625 | D        | Offered knowledge of Throw Flame by Vehumet.
   639 | D        | Learned a level 2 spell: Throw Flame
   647 | D        | Noticed a spriggan
   652 | D        | Killed a spriggan
   652 | D        | Offered knowledge of Static Discharge by Vehumet.
   652 | D        | Reached skill level 10 in Dodging
   652 | D        | Reached skill level 5 in Stealth
   657 | D        | Learned a level 3 spell: Static Discharge
   659 | D        | Noticed a deep elf mage
   659 | D        | Noticed a flying skull
   661 | D        | Offered knowledge of Lightning Bolt by Vehumet.
   661 | D        | Reached skill level 1 in Spellcasting
   663 | D        | Killed a flying skull
   663 | D        | Reached skill level 13 in Unarmed Combat
   671 | D        | Killed a deep elf mage
   671 | D        | Reached skill level 14 in Unarmed Combat
   671 | D        | Reached XP level 8. HP: 28/40 MP: 10/14
   673 | D        | Reached ****** piety under Vehumet
   764 | D        | Noticed a freezing wraith
   782 | D        | Killed a freezing wraith
   821 | D        | Learned a level 5 spell: Lightning Bolt
   986 | D        | Offered knowledge of Yara's Violent Unravelling by Vehumet.
   995 | D        | Noticed a polar bear
   996 | D        | Noticed a deep elf mage
   998 | D        | Killed a polar bear
  1001 | D        | Killed a deep elf mage
  1001 | D        | Reached skill level 15 in Unarmed Combat
  1001 | D        | Reached skill level 5 in Spellcasting
  1001 | D        | Reached XP level 9. HP: 44/44 MP: 15/17
  1008 | D        | Learned a level 5 spell: Yara's Violent Unravelling
  1017 | D        | Noticed an efreet
  1022 | D        | Reached skill level 10 in Stealth
  1027 | D        | Killed an efreet
  1212 | D        | Offered knowledge of Bolt of Fire by Vehumet.
  1550 | D        | Reached skill level 16 in Unarmed Combat
  1558 | D        | Noticed a merfolk
  1561 | D        | Killed a merfolk
  1561 | D        | Offered knowledge of Iron Shot by Vehumet.
  1749 | D        | Noticed a shadow wraith
  1751 | D        | Killed a shadow wraith
  1751 | D        | Reached XP level 10. HP: 48/48 MP: 19/21
  1777 | D        | Noticed Urug
  1806 | D        | Learned a level 6 spell: Iron Shot
  1811 | D        | Noticed Ijyb
  1813 | D        | Killed Ijyb
  1820 | D        | Offered knowledge of Freezing Cloud by Vehumet.
  1884 | D        | Reached skill level 17 in Unarmed Combat
  2012 | D        | Noticed a swamp dragon
  2344 | D        | Killed a swamp dragon
  2349 | D        | Killed Urug
  2350 | D        | Offered knowledge of Orb of Destruction by Vehumet.
  2619 | D        | Noticed an orange demon
  2620 | D        | Noticed a hell hog
  2621 | D        | Noticed a hell hog
  2621 | D        | Noticed a hell hog
  2622 | D        | Noticed a hell hog
  2661 | D        | Killed from afar by a hell hog
  2662 | D        | Reached XP level 9. HP: -7/45 MP: 20/22
  2675 | D        | Killed from afar by a hell hog
  2676 | D        | Reached XP level 8. HP: -4/41 MP: 21/21
  2691 | D        | Killed a hellwing
  2694 | D        | Slain by a tyrant leech

Skill      XL: |  1  2  3  4  5  6  7  8  9 10 |
---------------+-------------------------------+-----
Fighting       | 4 5 6 7 8 |  8.6
Dodging        | 6 8 9 10 11 12 13 | 13.4
Unarmed Combat | 8 9 10 12 14 15 16 17 | 17.6
Stealth        | 1 3 4 7 9 11 12 | 12.9
Spellcasting   | 3 5 6 8 |  8.4

Action                   |  1- 3 |  4- 6 |  7- 9 | 10-12 || total
-------------------------+-------+-------+-------+-------++-------
Melee: Unarmed           |     9 |    60 |   103 |    50 ||   222
       Bite              |     2 |     8 |    14 |     5 ||    29
       Punch             |       |     4 |     9 |     5 ||    18
 Cast: Throw Flame       |       |       |       |     3 ||     3
  Use: Potion            |       |     4 |     3 |     5 ||    12
 Stab: Sleeping          |       |     1 |     9 |     4 ||    14
  Eat: Chunk             |       |     1 |     4 |       ||     5
Armor: Skin              |       |     1 |     4 |     1 ||     6
Dodge: Dodged            |     4 |    63 |   111 |    49 ||   227
